 Dungeon Crawl Stone Soup version 0.31-a0-1540-g5a0b83f448 (webtiles) character file.

Game seed: 7383264962482382840

1037 Curundu the Slasher (level 8, -5/69 HPs)
             Began as a Minotaur Berserker on Jan 1, 2024.
             Was an Elder of Trog.
             Slain by a komodo dragon (8 damage)
             ... on level 5 of the Dungeon.
             The game lasted 00:13:26 (3750 turns).

Curundu the Slasher (Minotaur Berserker)            Turns: 3750, Time: 00:13:26

Health: -5/69      AC: 11    Str: 25    XL:     8   Next: 4%
Magic:  7/7        EV: 13    Int:  4    God:    Trog [****..]
Gold:   149        SH:  0    Dex: 18    Spells: 7/7 levels left

rFire   . . .        s - +2 hand axe of Noon {speed, rC- Dex+3 SInv}
rCold   x . .        (no shield)
rNeg    . . .        e - +3 ring mail
rPois   .            (helmet restricted)
rElec   .            p - +0 cloak
rCorr   .            (no gloves)
SInv    +            B - +0 pair of boots
Will    .....        o - amulet of the acrobat
Stlth   +            y - +6 ring of dexterity
HPRegen 0.31/turn    (no ring)
MPRegen 0.10/turn

%: acrobat
@: no status effects
A: horns 2, retaliatory headbutt
a: Renounce Religion, Berserk, Trog's Hand, Brothers in Arms


You were on level 5 of the Dungeon.
You worshipped Trog.
Trog was greatly pleased with you.
You visited 1 branch of the dungeon, and saw 5 of its levels.

You collected 149 gold pieces.

Inventory:

Hand Weapons
 a - a +0 falchion
 s - the +2 hand axe of Noon (weapon) {speed, rC- Dex+3 SInv}
   (You found it on level 3 of the Dungeon)

   Dex+3:     It affects your dexterity (+3).
   rC-:       It makes you vulnerable to cold.
   SInv:      It lets you see invisible.
Missiles
 f - 21 poisoned darts
 k - 2 boomerangs (quivered)
 r - 6 curare-tipped darts
Armour
 e - a +3 ring mail (worn)
 p - a +0 cloak (worn)
 B - a +0 pair of boots (worn)
Jewellery
 o - an amulet of the acrobat (around neck)
 y - a +6 ring of dexterity (left hand)
Scrolls
 b - 6 scrolls of identify {unknown}
 c - a scroll of poison {unknown}
 g - a scroll of revelation {unknown}
 h - 3 scrolls of brand weapon {unknown}
 j - a scroll of enchant weapon {unknown}
 q - a scroll of fear {unknown}
 u - a scroll of enchant armour {unknown}
 x - a scroll of butterflies {unknown}
 C - a scroll of blinking {unknown}
 D - a scroll of vulnerability {unknown}
 E - a scroll of fog {unknown}
Potions
 d - 5 potions of curing {unknown}
 i - 4 potions of brilliance {unknown}
 l - a potion of heal wounds {unknown}
 m - a potion of degeneration {unknown}
 n - 2 potions of might {unknown}
 t - a potion of enlightenment {unknown}
 v - a potion of berserk rage {unknown}
 w - a potion of mutation {unknown}
 z - a potion of invisibility {unknown}
 A - a potion of ambrosia {unknown}


   Skills:
 + Level 5.4 Fighting
 + Level 6.6 Long Blades
 + Level 4.6 Axes
 + Level 0.7 Throwing
 + Level 6.0 Armour
 + Level 3.9 Dodging
 + Level 1.5 Stealth


You had 7 spell levels left.
You didn't know any spells.
Your spell library was empty.

Dungeon Overview and Level Annotations

Branches:
Dungeon (5/15)
 Temple: D:4-7

Altars:
Ru
Uskayaw

Shops:
D:1 :

Annotations:
D:3 2 transporters, Sundig's ghost, amateur DsFi


Innate Abilities, Weirdness & Mutations

You have a pair of horns on your head.
You reflexively headbutt those who attack you in melee.


Message History

a +0 hand axe; a +0 chain mail
E - a scroll labelled KULOAXZ BEMAMO
Things that are here:
a +0 hand axe; a +0 chain mail You see here a quokka corpse.
A komodo dragon comes into view.
You see here 19 gold pieces.
A jelly comes into view.
You see here a wand of iceblast (5).
The helpless komodo dragon fails to defend itself.
You hit the komodo dragon but do no damage.
The komodo dragon bites you!
You hit the komodo dragon.
The komodo dragon is lightly wounded.
You hit the komodo dragon but do no damage.
The komodo dragon is lightly wounded.
The komodo dragon bites you!
You completely miss the komodo dragon.
The komodo dragon is lightly wounded.
The komodo dragon bites you but does no damage.
You hit the komodo dragon.
The komodo dragon is lightly wounded.
You hit the komodo dragon.
The komodo dragon is moderately wounded.
The komodo dragon barely misses you.
You hit the komodo dragon but do no damage.
You headbutt the komodo dragon.
The komodo dragon is heavily wounded.
The komodo dragon bites you!!
You hit the komodo dragon. Your punch misses the komodo dragon.
The komodo dragon is heavily wounded.
The komodo dragon bites you!!
* * * LOW HITPOINT WARNING * * *
You completely miss the komodo dragon.
The komodo dragon is heavily wounded.
You hit the komodo dragon but do no damage.
You headbutt the komodo dragon.
The komodo dragon is heavily wounded.
The komodo dragon bites you!
You die...

#.#############++######..###.##..
#<# ##≈≈≈..≈≈≈###.#.#.###.. #.#
##≈≈≈≈..≈≈≈≈##.#........ #.#
##≈≈≈≈≈..≈≈≈≈≈##.<.####.. #.#
##≈≈≈≈≈≈..≈≈≈≈≈≈##........ #.#
##≈≈≈≈≈≈≈..≈≈≈≈≈≈≈#####.##. #.#
#≈≈≈≈≈≈≈≈..≈≈≈≈≈≈≈ ####.##. #.##
#≈≈≈≈≈≈≈≈.)≈≈≈≈≈≈≈ #.......
....###≈≈≈≈≈≈≈♣$@♣ #.#####.
...#<.'....).†.♣♣l...... #.
...##.'......^.♣ ....... #.
...#.##≈≈≈≈≈≈≈♣?.♣≈≈≈≈≈≈ #.
#.#.###≈≈≈≈≈≈≈≈..≈≈≈≈≈≈≈ #. ....#
#≈≈≈≈≈≈≈≈..≈≈≈≈≈≈≈ ..
#.#.####≈≈≈≈≈≈≈..≈≈≈≈≈≈≈ ##.
.....# ##≈≈≈≈≈≈..≈≈≈≈≈≈# ##.
#.#..# ##≈≈≈≈≈..≈≈≈≈ # #..


You could see a komodo dragon.

Vanquished Creatures
  Sigmund (D:2)
  An orc warrior (D:5)
  A phantom (D:5)
  2 scorpions
  2 bombardier beetles
  4 hounds
  An orc priest (D:4)
  A sleepcap (D:5)
  3 iguanas
  5 orc wizards
  7 adders
  A dart slug (D:2)
  4 ribbon worms
  8 orcs
  10 ball pythons
  6 bats
  5 endoplasms
  2 giant cockroaches (D:2)
  10 goblins
  4 hobgoblins
  7 jackals
  7 kobolds
  4 quokkas
  3 frilled lizards
  5 rats
104 creatures vanquished.

Notes
Turn   | Place    | Note
-------+----------+-------------------------------------------
     0 | D:1      | Curundu the Minotaur Berserker began the quest for the Orb.
     0 | D:1      | Reached XP level 1. HP: 19/19 MP: 0/0
    94 | D:1      | Reached XP level 2. HP: 11/27 MP: 1/1
   349 | D:1      | Found Qeqil's Book Boutique.
   569 | D:2      | Reached XP level 3. HP: 33/33 MP: 2/2
   600 | D:2      | Reached ** piety under Trog
   797 | D:2      | Found a hide-covered altar of Uskayaw.
  1008 | D:2      | Reached XP level 4. HP: 40/40 MP: 3/3
  1221 | D:2      | Noticed Sigmund
  1229 | D:2      | Killed Sigmund
  1230 | D:2      | Reached skill level 5 in Long Blades
  1230 | D:2      | Reached XP level 5. HP: 47/47 MP: 4/4
  1419 | D:2      | Found a faded altar of an unknown god.
  1664 | D:3      | Found a sacrificial altar of Ru.
  1709 | D:3      | Reached XP level 6. HP: 41/53 MP: 5/5
  1826 | D:3      | Reached *** piety under Trog
  1840 | D:3      | Found a transporter.
  1842 | D:3      | Noticed Sundig's ghost (amateur DsFi)
  1869 | D:3      | Identified the +2 hand axe of Noon {speed, rC- Dex+3 SInv}
  1873 | D:3      | Found a transporter.
  1891 | D:3      | You fall into a shaft and drop 2 floors!
  1891 | D:5      | Entered Level 5 of the Dungeon
  2016 | D:5      | Reached skill level 5 in Armour
  2134 | D:5      | Reached skill level 1 in Axes
  2159 | D:5      | Reached skill level 5 in Fighting
  2159 | D:5      | Reached XP level 7. HP: 57/61 MP: 6/6
  2380 | D:4      | Reached skill level 1 in Stealth
  3613 | D:5      | Reached **** piety under Trog
  3704 | D:5      | Reached XP level 8. HP: 59/69 MP: 7/7
  3739 | D:5      | Noticed a komodo dragon
  3748 | D:5      | HP: 3/69 [komodo dragon (22)]
  3750 | D:5      | Slain by a komodo dragon

Illustrated notes

Levels and vault maps discovered:
D:1:      eino_arrival_tree_alley, layout_rooms, serial_shops, shop,
          chequers_serial_rivers_micro_a
D:2:      layout_loops_corners, basic_altar, dilly_ecumenical_altar_fadedgnrine,
          minmay_nonomino_d4, uniq_sigmund
D:3:      layout_basic, nicolae_ru_great_annihilating_truth,
          gammafunk_ghost_stat_death, kennysheep_generic_room_14
D:4:      layout_cave_pods
D:5:      kennysheep_big_flooded_room, layout_loops_ring, nrook_mini_vaults

Skill      XL: |  1  2  3  4  5  6  7 |
---------------+----------------------+-----
Long Blades    | 4 5 6 |  6.6
Fighting       | 4 5 |  5.4
Armour         | 3 4 5 6 |  6.0
Dodging        | 3 |  3.9
Axes           | 1 4 |  4.6
Stealth        | 1 |  1.5
Throwing       | |  0.7

Action                     |  1- 3 |  4- 6 |  7- 9 || total
---------------------------+-------+-------+-------++-------
  Melee: Falchion          |   121 |    53 |       ||   174
         Headbutt          |    19 |    17 |    22 ||    58
         Hand axe          |       |    43 |    91 ||   134
         Punch             |       |       |     2 ||     2
  Throw: Boomerang         |       |     4 |       ||     4
 Invoke: Trog's Hand       |       |     1 |       ||     1
   Stab: Paralysed         |       |     1 |       ||     1
         Sleeping          |       |       |     1 ||     1
 Armour: Ring mail         |    68 |    53 |    38 ||   159
         Animal skin       |     1 |       |       ||     1
  Dodge: Dodged            |    81 |    57 |    39 ||   177

Table legend: (Time is in decaauts)
 A = Elapsed time spent in this place.
 B = Non-inter-level travel time spent in this place.
 C = Inter-level travel time spent in this place.
 D = Time resting spent in this place.
 E = Time spent auto-exploring this place.
 F = Levels seen in this place.
 G = Mean time per level.
                   A        B        C        D        E       F      G
               +--------+--------+--------+--------+--------+-----+--------+
         Total |   3734 |   3730 |      4 |      0 |   2562 |   5 |  746.8 |
       Dungeon |   3734 |   3730 |      4 |      0 |   2562 |   5 |  746.8 |
               +--------+--------+--------+--------+--------+-----+--------+

Top non-repeatable levels by time:
     D:2: 1063 daAuts
     D:4: 854 daAuts
     D:3: 691 daAuts
     D:1: 564 daAuts
     D:5: 560 daAuts
